 Dungeon Crawl Stone Soup version 0.27-a0-200-g8ba017916c (webtiles) character file.

Game seed: 8671721843985481964

113 gimp the Shield-Bearer (level 4, -5/37 HPs)
             Began as a Demigod Wanderer on Jan 29, 2021.
             Slain by a gnoll
             ... wielding a +0 spear
              (6 damage)
             ... on level 3 of the Dungeon.
             The game lasted 00:05:14 (3081 turns).

gimp the Shield-Bearer (Demigod Wanderer)           Turns: 3081, Time: 00:05:14

Health: -5/37      AC:  5    Str: 20    XL:     4   Next: 39%
Magic:  6/6        EV: 10    Int: 14    God:
Gold:   85         SH:  0    Dex: 14    Spells: 3/3 levels left

rFire    . . .     SeeInvis +   b - +1 hand axe (vorpal)
rCold    . . .     Faith    .   (no shield)
rNeg     . . .     Spirit   .   d - +0 ring mail
rPois    .         Reflect  .   (no helmet)
rElec    .         Harm     .   (no cloak)
rCorr    .         Rampage  .   (no gloves)
Will     .....                  (no boots)
Stlth    +.........             (no amulet)
HPRegen  0.12/turn              l - ring of see invisible
MPRegen  0.10/turn              (no ring)

@: no status effects
A: high mp 1
a: no special abilities


You were on level 3 of the Dungeon.
You visited 1 branch of the dungeon, and saw 3 of its levels.

You collected 85 gold pieces.

Inventory:

Hand Weapons
 a - a +0 hand crossbow
 b - a +1 vorpal hand axe (weapon)
 p - a +0 dagger
Missiles
 c - 12 bolts
 k - 11 poisoned darts (quivered)
Armour
 d - a +0 ring mail (worn)
 o - a +0 kite shield
Jewellery
 l - a ring of see invisible (left hand)
Scrolls
 e - 2 scrolls of immolation {unknown}
 f - 2 scrolls of identify {unknown}
 g - a scroll of random uselessness {unknown}
 h - a scroll of noise {unknown}
 m - a scroll of amnesia {unknown}
Potions
 i - a potion of lignification {unknown}
 n - a potion of degeneration {unknown}


   Skills:
 + Level 2.3 Fighting
 * Level 2.1 Axes
 - Level 1.7 Crossbows
 - Level 2.6 Armour
 + Level 3.2 Shields
 - Level 1.0 Evocations


You had 3 spell levels left.
You didn't know any spells.
Your spell library was empty.

Dungeon Overview and Level Annotations

Branches:
Dungeon (3/15)


Innate Abilities, Weirdness & Mutations

You have an increased reservoir of magic. (+10% MP)


Message History

* * * LOW HITPOINT WARNING * * *
You take 5 damage, and have 3/37 hp.
The jackal bites you but does no damage.
The jackal closely misses you.
It was a potion of curing.
You feel better. The jackal bites you.
* * * LOW HITPOINT WARNING * * *
The jackal bites you.
* * * LOW HITPOINT WARNING * * *
You regained 6 hp, and now have 9/37 hp.
The jackal bites you but does no damage.
The gnoll hits you from afar with a +0 spear!
* * * LOW HITPOINT WARNING * * *
The gnoll hits you from afar with a +0 spear.
* * * LOW HITPOINT WARNING * * *
You take 8 damage, and have 1/37 hp.
MASSIVE DAMAGE!!
A jackal comes into view.
The jackal barks!
The gnoll hits you but does no damage. The jackal closely misses you.
The gnoll hits you with a +0 spear.
You die...

#.########.#
#.#....<....
#...######.#
###.###
####...######
#.##........#
#.##.(#####.#
#.#####.##h.#
#...)...h@g.#
######h##g### #
###.##.g.##.#
#.....##...#
#.###.##.#### ###
#.. #.#
#.g.g...###.# ...
#.#.###.##..#g#.#.#
#).
#......##..##g...#
#..
##.####....###g#.#
#..


You could see 3 gnolls and 3 jackals.

Vanquished Creatures
  5 adders
  4 worms
  2 dart slugs
  A leopard gecko (D:3)
  3 orcs (D:3)
  2 giant cockroaches (D:2)
  9 goblins
  2 hobgoblins
  3 jackals (D:1)
  A quokka (D:3)
  2 ball pythons
  6 bats
  A frilled lizard (D:2)
  4 kobolds
  2 rats (D:2)
47 creatures vanquished.

Notes
Turn   | Place    | Note
-------+----------+-------------------------------------------
     0 | D:1      | gimp the Demigod Wanderer began the quest for the Orb.
     0 | D:1      | gimp set off with the following items: a +0 hand crossbow,
                  | a +0 kite shield, 27 bolts, a +0 ring mail
     0 | D:1      | Reached XP level 1. HP: 16/16 MP: 3/3
   390 | D:1      | Reached XP level 2. HP: 23/23 MP: 4/4
   716 | D:1      | Reached skill level 2 in Shields
  1367 | D:2      | Reached XP level 3. HP: 25/29 MP: 5/5
  1576 | D:2      | Reached skill level 3 in Shields
  2320 | D:3      | Reached XP level 4. HP: 17/36 MP: 6/6
  3080 | D:3      | HP: 1/37 [gnoll/+0 spear (1)]
  3081 | D:3      | Slain by a gnoll

Illustrated notes

Levels and vault maps discovered:
D:1:      dpeg_arrival_renting, layout_loops_corners
D:2:      layout_basic, minivault_24
D:3:      layout_loops_ring, lemuel_round_altar,
          chequers_ecumenical_altar_twisty, kennysheep_path_1

Skill      XL: |  1  2  3  4 |
---------------+-------------+-----
Shields        | 2 3 |  3.2
Fighting       | 2 |  2.3
Axes           | 2 |  2.1
Crossbows      | |  1.7
Armour         | |  2.6
Evocations     | |  1.0

Action                   |  1- 3 |  4- 6 || total
-------------------------+-------+-------++-------
Melee: Dagger            |    19 |    19 ||    38
       Unarmed           |     2 |       ||     2
       Hand axe          |       |    36 ||    36
 Fire: Hand crossbow     |    78 |       ||    78
Throw: Dart              |       |     8 ||     8
  Use: Potion            |       |     1 ||     1
Armor: Ring mail         |    24 |    19 ||    43
Dodge: Dodged            |    16 |    39 ||    55

Table legend: (Time is in decaauts)
 A = Elapsed time spent in this place.
 B = Non-inter-level travel time spent in this place.
 C = Inter-level travel time spent in this place.
 D = Time resting spent in this place.
 E = Time spent auto-exploring this place.
 F = Levels seen in this place.
 G = Mean time per level.
                   A        B        C        D        E       F      G
               +--------+--------+--------+--------+--------+-----+--------+
         Total |   3116 |   3037 |     79 |    198 |   2362 |   3 | 1038.7 |
       Dungeon |   3116 |   3037 |     79 |    198 |   2362 |   3 | 1038.7 |
               +--------+--------+--------+--------+--------+-----+--------+

Top non-repeatable levels by time:
     D:2: 1201 daAuts
     D:1: 1108 daAuts
     D:3: 807 daAuts
